AoeStats
← mad Iltis

Arena

510402209Analyzed
4v4 RM · 2d ago on Sep 30, 2026· 61m 10s· 8 players
Game mode
Random Map
Map size
Large (8 player)
Population
200
Speed
Normal
Resources
Standard
Victory
Conquest
Starting age
Dark Age
Ending age
Imperial Age
RankedLock teamsTeams togetherTeam positionsShared explorationLock speedFull tech treeHidden civsTurbo modeCheats
Victory
Defeat
🇵🇹 Goths · Portugal
1342
+13
🇵🇹 Romans · Portugal
1260
+16
🇵🇹 Khmer · Portugal
1247
+17
🇵🇹 Spanish · Portugal
903
+29
🇧🇴 Persians · Bolivia
1306
-20
🇩🇪 Burmese · Germany
1282
-19
🇫🇷 Cumans · France
1251
-19
🇨🇭 Britons · Switzerland
1197
-17
Sahraoui
2:36 Loom
8:39 Feudal Age
9:36 Double-Bit Axe
18:17 Wheelbarrow
17:29 Town Watch
21:30 Castle Age
21:08 Forging
20:59 Scale Mail Armor
21:04 Scale Barding Armor
21:41 Pikeman
35:57 Fletching
36:43 Iron Casting
36:28 Chain Barding Armor
36:24 Chain Mail Armor
38:02 Squires
37:48 Arson
37:49 Capped Ram
38:20 Man-at-Arms
39:15 Long Swordsman
39:57 Bodkin Arrow
45:52 Imperial Age
mad Iltis
0:26 Loom
10:37 Feudal Age
14:37 Castle Age
13:10 Horse Collar
18:50 Sanctity
19:09 Fervor
19:17 Gold Mining
19:19 Stone Mining
21:38 Wheelbarrow
22:41 Heavy Plow
25:23 Hand Cart
26:10 Coinage
29:32 Imperial Age
26:49 Loom
27:33 Padded Archer Armor
28:32 Forging
28:30 Manipur Cavalry
29:33 Gold Shaft Mining
28:23 Pikeman
29:03 Squires
29:11 Scale Mail Armor
29:16 Fletching
29:56 Gambesons
29:57 Arson
30:30 Chain Mail Armor
30:37 Block Printing
30:50 Illumination
31:02 Theocracy
30:38 Redemption
31:00 Conscription
30:27 Man-at-Arms
31:48 Iron Casting
32:08 Plate Mail Armor
31:42 Long Swordsman
33:25 Banking
33:35 Elite Arambai
34:15 Two-Handed Swordsman
35:06 Champion
37:51 Blast Furnace
42:27 Bodkin Arrow
44:49 Chemistry
44:09 Ballistics
44:25 Bloodlines
47:23 Guilds
48:11 Bracer
48:12 Husbandry
50:03 Town Watch
57:40 Crop Rotation
57:49 Scale Barding Armor
57:08 Light Cavalry
Zx0mB0Y
10:46 Feudal Age
15:08 Castle Age
13:31 Double-Bit Axe
15:39 Horse Collar
16:37 Bow Saw
20:27 Heavy Plow
21:42 Wheelbarrow
25:38 Hand Cart
25:10 Loom
26:08 Stone Mining
26:09 Gold Mining
32:05 Imperial Age
29:21 Town Watch
29:56 Husbandry
30:06 Bloodlines
30:52 Masonry
30:54 Forging
31:26 Scale Barding Armor
32:38 Stone Shaft Mining
32:40 Gold Shaft Mining
32:15 Cavalier
33:43 Chain Barding Armor
34:01 Iron Casting
34:57 Two-Man Saw
33:54 Savar
35:45 Plate Barding Armor
36:11 Blast Furnace
37:06 Conscription
37:42 Crop Rotation
39:02 Chemistry
38:37 Fletching
39:52 Coinage
45:54 Hoardings
49:58 Pikeman
50:39 Squires
53:43 Light Cavalry
54:26 Hussar
Queboocha
11:15 Feudal Age
15:13 Castle Age
13:49 Double-Bit Axe
13:56 Fletching
24:00 Loom
26:46 Wheelbarrow
36:41 Hand Cart
36:31 Bodkin Arrow
40:04 Imperial Age
38:38 Ballistics
38:27 Padded Archer Armor
39:39 Leather Archer Armor
40:57 Bracer
41:59 Chemistry
43:03 Conscription
43:29 Ring Archer Armor
45:22 Conscription
45:55 Yeomen
45:14 Elite Longbowman
46:08 Town Watch
49:24 Yeomen
49:46 Scale Mail Armor
49:56 Forging
49:37 Pikeman
50:18 Squires
50:23 Halberdier
51:50 Chain Mail Armor
52:10 Iron Casting
53:21 Plate Mail Armor
53:34 Conscription
steves
10:54 Feudal Age
14:03 Castle Age
12:08 Double-Bit Axe
12:41 Horse Collar
14:38 Gold Mining
16:18 Scale Barding Armor
21:14 Chain Barding Armor
25:13 Bloodlines
31:28 Imperial Age
30:34 Wheelbarrow
30:41 Husbandry
31:45 Forging
31:56 Cavalier
34:51 Iron Casting
35:24 Elite Battle Elephant
37:06 Conscription
37:01 Tusk Swords
36:36 Pikeman
37:34 Loom
38:04 Hand Cart
38:40 Plate Barding Armor
46:14 Halberdier
47:52 Scale Mail Armor
49:31 Chain Mail Armor
51:48 Blast Furnace
BarroZo
12:53 Feudal Age
12:36 Loom
17:39 Castle Age
16:24 Horse Collar
17:10 Double-Bit Axe
20:09 Gold Mining
21:03 Bow Saw
23:25 Padded Archer Armor
25:32 Bloodlines
26:08 Leather Archer Armor
27:25 Husbandry
33:05 Imperial Age
32:34 Wheelbarrow
34:16 Ring Archer Armor
33:10 Elite Conquistador
34:11 Conscription
35:19 Hand Cart
34:52 Town Watch
51:00 Fletching
51:48 Thumb Ring
51:21 Heavy Mounted Crossbowman
52:33 Ballistics
52:11 Bodkin Arrow
53:56 Chemistry
52:58 Bracer
Lithium
11:26 Feudal Age
15:17 Castle Age
13:29 Double-Bit Axe
13:41 Horse Collar
16:32 Bow Saw
16:24 Heavy Plow
25:22 Wheelbarrow
24:32 Loom
27:18 Scale Mail Armor
27:28 Forging
30:19 Imperial Age
28:20 Chain Mail Armor
28:40 Gold Mining
29:25 Squires
28:47 Pikeman
29:48 Hand Cart
31:14 Iron Casting
31:20 Halberdier
33:04 Blast Furnace
33:22 Two-Man Saw
32:06 Capped Ram
35:50 Perfusion
35:51 Anarchy
35:12 Elite Huskarl
36:13 Conscription
35:31 Man-at-Arms
36:11 Long Swordsman
36:34 Two-Handed Swordsman
37:12 Champion
41:03 Fletching
55:19 Chemistry
54:33 Padded Archer Armor
55:58 Leather Archer Armor
phlyp
7:43 Loom
9:32 Feudal Age
13:26 Castle Age
12:19 Double-Bit Axe
30:45 Wheelbarrow
34:17 Imperial Age
32:02 Bow Saw
31:34 Horse Collar
34:26 Wheelbarrow
33:57 Heavy Plow
34:25 Heavy Scorpion
34:26 Capped Ram
37:19 Chemistry
38:05 Ballistics
43:23 Capped Ram
46:36 Siege Ram
51:05 Hand Cart
Connection lost

Rejoining the realm…

Still unreachable

The connection could not be restored.

Session expired

The server has moved on; the page needs a fresh start.